 Dungeon Crawl Stone Soup version 0.32-a0-975-g85d4e5bfdb (webtiles) character file.

Game seed: 12020373621862824220

326 retardedninja the Trooper (level 6, 0/84 HPs)
             Began as a Mountain Dwarf Fighter on Apr 18, 2024.
             Killed by divine providence
             ... invoked by an orc priest
              (11 damage)
             ... on level 4 of the Dungeon.
             The game lasted 00:06:24 (5516 turns).

retardedninja the Trooper (Mountain Dwarf Fighter)  Turns: 5516, Time: 00:06:24

Health: 0/84       AC: 23    Str: 21    XL:     6   Next: 24%
Magic:  6/6        EV:  2    Int:  8    God:
Gold:   154        SH:  4    Dex:  9    Spells: 5/5 levels left

rFire   . . .        a - +0 war axe
rCold   . . .        c - +0 buckler
rNeg    . . .        g - melded +0 chain mail
rPois   +            (helmet currently unavailable)
rElec   .            (cloak currently unavailable)
rCorr   .            (gloves currently unavailable)
SInv    .            (boots currently unavailable)
Will    .....        (no amulet)
Stlth   +            (no ring)
HPRegen 0.34/turn    (no ring)
MPRegen 0.10/turn

%: no passive effects
@: tree-form
A: stationary, stasis, torment immunity, boosted hp, runic magic, artefact
enchanting
a: Convert to Beogh


You were on level 4 of the Dungeon.
You were a tree.
You visited 1 branch of the dungeon, and saw 4 of its levels.

You collected 154 gold pieces.

Inventory:

Hand Weapons
 a - a +0 war axe (weapon)
Armour
 c - a +0 buckler (worn)
 g - a +0 chain mail (melded)
Jewellery
 b - a +6 ring of intelligence
Scrolls
 i - a scroll of fog
 j - a scroll of poison
 m - a scroll of noise {unknown}
 n - a scroll of amnesia {unknown}
Potions
 d - a potion of mutation
 e - 2 potions of lignification
 h - a potion of brilliance
 k - a potion of haste {unknown}
 l - a potion of degeneration {unknown}


   Skills:
 * Level 5.5 Fighting
 + Level 4.1 Axes
 + Level 4.5 Armour
 + Level 4.5 Shields


You had 5 spell levels left.
You didn't know any spells.
Your spell library contained the following spells:

 Spells                   Type           Power      Damage    Failure   Level
 Blink                    Tloc           0%         N/A       63%         2
 Lesser Beckoning         Tloc           0%         N/A       63%         2
 Momentum Strike          Conj/Tloc      0%         3d8       63%         2
 Maxwell's Portable Pile  Tloc           0%         2d(5-13)  85%         3
 Teleport Other           Tloc           0%         N/A       85%         3
 Dispersal                Tloc           0%         N/A       100%        6
 Gell's Gavotte           Tloc           0%         2d(11-16) 100%        6
 Manifold Assault         Tloc           0%         N/A       100%        7
 Disjunction              Tloc           0%         N/A       100%        8


Dungeon Overview and Level Annotations

Branches:
Dungeon (4/15)
 Temple: D:4-7

Altars:
Ashenzari
Qazlal


Innate Abilities, Weirdness & Mutations

You are a tree.
Your roots penetrate the ground, keeping you stationary.
You cannot be teleported.
You are immune to unholy pain and torment.
Your maximum health is greatly increased.
Your equipment is partially melded.
Your spellcasting is much less encumbered by armour.
You can use scrolls of enchantment on lesser artefacts.


Message History

The orc priest mumbles some strange prayers to Beogh against you.
Pain shoots through your body!
* * * LOW HITPOINT WARNING * * *
The orc hits you with a +0 hand axe.
* * * LOW HITPOINT WARNING * * *
The orc priest closely misses you.
Things that are here:
a +0 hand axe; a +0 scale mail; an orc corpse You turn into a tree.
Your +0 chain mail melds into your body.
Your roots penetrate the ground.
The orc priest barely misses you. You block the orc priest's attack.
The orc hits you but does no damage.
You barely miss the orc priest. You hit the orc priest. You hit the orc.
The orc priest hits you but does no damage.
The orc priest miscasts a cantrip.
The orc barely misses you.
You hit the orc priest.
The orc priest is moderately wounded.
You closely miss the orc priest. You hit the orc.
You kill the orc!
You block the orc priest's attack.
The orc priest hits you but does no damage.
The orc priest shouts, "Beogh offers mercy even to people such as you.
Join us and be reborn!"
The orc priest shouts, "The Pantheon deserves no one's loyalty.
Let us show you the true path!"
You hit the orc priest but do no damage.
The orc priest is moderately wounded.
The orc priest threatens, "Beogh's wrath is as vast as their mercy.
Make your choice!"
You hit the orc priest. You block the orc priest's attack.
The orc priest looks satisfied for a moment.
The orc priest hits you with a +0 hand axe.
* * * LOW HITPOINT WARNING * * *
The orc priest hits you but does no damage.
You closely miss the orc priest.
The orc priest is moderately wounded.
You closely miss the orc priest.
The orc priest threatens, "Beogh's wrath is as vast as their mercy.
Make your choice!"
The orc priest hits you but does no damage.
The orc priest calls down the wrath of Beogh upon you.
Beogh smites you!
You die...

### .... ###.##...
##......# #.......#.#
#####......>.. #
###..##.....#
##.#....#......#
#...##..###o##).o.....
#...#....♣o###...#.#..
........)o.# #........
.........### .........
.........# #........
..##....## #........
#....# +........
.###...## ..##....#
.........####..#


You could see 3 orc priests.

Vanquished Creatures
  A killer bee (D:3)
  A jelly (D:4)
  An iguana (D:3)
  4 gnolls
  7 adders
  4 dart slugs
  13 orcs
  12 bats
  9 endoplasms
  4 giant cockroaches
  8 goblins
  10 hobgoblins
  10 kobolds
  4 quokkas
  7 ball pythons
  5 frilled lizards (D:1)
  7 rats
107 creatures vanquished.

Notes
Turn   | Place    | Note
-------+----------+-------------------------------------------
     0 | D:1      | retardedninja the Mountain Dwarf Fighter began the quest
                  | for the Orb.
     0 | D:1      | Reached XP level 1. HP: 19/19 MP: 1/1
    76 | D:1      | Reached XP level 2. HP: 26/26 MP: 2/2
   346 | D:1      | Reached XP level 3. HP: 33/33 MP: 3/3
   772 | D:1      | Reached skill level 4 in Fighting
  2153 | D:1      | Reached XP level 4. HP: 38/40 MP: 4/4
  3246 | D:2      | Reached XP level 5. HP: 46/47 MP: 5/5
  3602 | D:3      | Found a stormy altar of Qazlal.
  3654 | D:3      | Reached skill level 5 in Fighting
  3893 | D:3      | Found a broken altar of Ashenzari.
  4124 | D:3      | Found a faded altar of an unknown god.
  4947 | D:3      | Reached XP level 6. HP: 9/56 MP: 6/6
  5516 | D:4      | Killed from afar by an orc priest

Illustrated notes

Levels and vault maps discovered:
D:1:      ebering_trefoil_3fold, layout_loops_ring, minmay_tetromino_t2
D:2:      layout_loops_corners, amethyst_killhole, grunt_ministairs_6,
          chequers_serial_rivers_micro_b, serial_bayou_pond_d,
          minmay_pentomino_pile
D:3:      layout_basic, mainiacjoe_overflow_24_doors, lemuel_crystal_altar,
          hellmonk_ecumenical_altar_slurped_away
D:4:      layout_cave_pools, gammafunk_temple_overflow_forgotten,
          gammafunk_temple_overflow_statue, serial_glass, glass_columns_a,
          glass_columns_a, glass_columns_a, glass_columns_a, glass_columns_a,
          glass_columns_a, glass_columns_a, glass_columns_a

Skill      XL: |  1  2  3  4  5 |
---------------+----------------+-----
Axes           | 3 4 |  4.1
Fighting       | 4 5 |  5.5
Armour         | 4 |  4.5
Shields        | 4 |  4.5

Action                     |  1- 3 |  4- 6 || total
---------------------------+-------+-------++-------
  Melee: War axe           |    96 |   232 ||   328
    Use: Potion            |     1 |     5 ||     6
         Scroll            |       |     5 ||     5
 Armour: Scale mail        |    47 |       ||    47
         Chain mail        |    66 |   287 ||   353
         Skin              |     3 |    10 ||    13
  Dodge: Dodged            |    51 |   110 ||   161
  Block: Buckler           |    31 |    65 ||    96

Table legend: (Time is in decaauts)
 A = Elapsed time spent in this place.
 B = Non-inter-level travel time spent in this place.
 C = Inter-level travel time spent in this place.
 D = Time resting spent in this place.
 E = Time spent auto-exploring this place.
 F = Levels seen in this place.
 G = Mean time per level.
                   A        B        C        D        E       F      G
               +--------+--------+--------+--------+--------+-----+--------+
         Total |   5653 |   5577 |     76 |   2464 |   2289 |   4 | 1413.2 |
       Dungeon |   5653 |   5577 |     76 |   2464 |   2289 |   4 | 1413.2 |
               +--------+--------+--------+--------+--------+-----+--------+

Top non-repeatable levels by time:
     D:1: 2364 daAuts
     D:3: 1437 daAuts
     D:2: 1347 daAuts
     D:4: 503 daAuts
